 Dungeon Crawl Stone Soup version 0.17-a0-1403-g9df874c (webtiles) character file.

28 WellDressedCM the Magician (level 2, 0/20 HPs)
             Began as a Draconian Wanderer on June 21, 2015.
             Slain by a hobgoblin (3 damage)
             ... on level 2 of the Dungeon.
             The game lasted 00:16:38 (1020 turns).

WellDressedCM the Magician (Draconian Wanderer)     Turns: 1020, Time: 00:16:38

Health: 0/20       AC:  4    Str: 11    XL:     2   Next: 96%
Magic:  0/7        EV: 11    Int: 13    God:
Gold:   43         SH:  0    Dex: 12    Spells: 2 memorised, 7 levels left

rFire  . . .     SeeInvis .     a - +3 dagger
rCold  . . .     Clarity  .     (armour unavailable)
rNeg   . . .     SustAt   .     (no shield)
rPois  .         Gourm    .     (helmet restricted)
rElec  .         Spirit   .     (no cloak)
rCorr  .         Warding  .     (no gloves)
rMut   .         Stasis   .     (no boots)
MR     .....                    (no amulet)
Stlth  ++........               (no ring)
                                (no ring)

@: very slightly contaminated, not resistant to hostile enchantments, unstealthy
A: unfitting armour, cold-blooded, AC +4
a: no special abilities


You were on level 2 of the Dungeon.
You were hungry.

You visited 1 branch of the dungeon, and saw 2 of its levels.

You collected 43 gold pieces.

Inventory:

Hand weapons
 a - a +3 dagger (weapon)
Missiles
 i - 47 stones (quivered)
Armour
 j - a +2 shield
Scrolls
 b - 2 scrolls of fear
 f - 2 scrolls of identify
Books
 c - the Grimoire of Evil

   Spells                             Type                      Level
   a - Pain                           Necromancy                   1
   b - Corpse Rot                     Necromancy                   2
 d - Nuikhus's Reference Book on Blistering Attacks

   Spells                             Type                      Level
   a - Flame Tongue                   Conjuration/Fire             1
   b - Throw Flame                    Conjuration/Fire             2
Comestibles
 e - 4 bread rations
 h - a beef jerky


   Skills:
 + Level 0.2 Fighting
 + Level 0.1 Throwing
 + Level 0.1 Dodging
 + Level 1.3 Stealth
 + Level 0.2 Shields
 + Level 4.5 Spellcasting
   Level 2.6 Charms
 + Level 1.1 Necromancy
   Level 1.0 Evocations


You had 7 spell levels left.
You knew the following spells:

 Your Spells              Type           Power        Failure   Level  Hunger
a - Pain                  Necr           #...         14%         1    None
b - Throw Flame           Conj/Fire      #.....       30%         2    ##.....


Dungeon Overview and Level Annotations

Branches:
Dungeon (2/15)

Altars:
Dithmenos


Innate Abilities, Weirdness & Mutations

Your plain brown scales are hard (AC +4).
Your body does not fit into most forms of armour.
You are cold-blooded and may be slowed by cold attacks.


Message History

The quokka closely misses you.
The hobgoblin hits you but does no damage.
Casting: Throw Flame
Confirm with . or Enter, or press ? or * to list all spells.
Aiming: Throw Flame
Press: ? - help, Shift-Dir - straight line, f/p - quokka
Aim: a quokka The puff of flame misses the quokka.
The quokka closely misses you. The hobgoblin closely misses you.
Casting: Throw Flame
Confirm with . or Enter, or press ? or * to list all spells.
Aiming: Throw Flame
Press: ? - help, Shift-Dir - straight line, f/p - quokka
Aim: a quokka You miscast Throw Flame.
The air around you burns with energy! The quokka closely misses you.
The hobgoblin barely misses you. The quokka bites you.
* * * LOW HITPOINT WARNING * * *
The hobgoblin hits you.
You die...

.....>...#.._..#
##........##.###
.#####.###.#.###
## #.# #.#
#.....# #.## ##
#.###.###.####...
##....#..†.......
##......##.#...
#....#.rg.#
#..##.##@.#
#..#.) #...# ...
#.. #...... ..
#.# #..##### ##
#.## ..# ###


You could see a quokka and a hobgoblin.

Vanquished Creatures
  An adder (D:2)
  4 bats (D:2)
  5 goblins
  2 hobgoblins (D:1)
  A kobold (D:1)
  A giant newt (D:1)
  5 rats
19 creatures vanquished.

Notes
Turn   | Place    | Note
--------------------------------------------------------------
     0 | D:1      | WellDressedCM the Draconian Wanderer began the quest for the Orb.
     0 | D:1      | WellDressedCM set off with: a +2 dagger, a scroll of fear, the Grimoire of Evil, Nuikhus's Reference Book on Blistering Attacks, a bread ration
     0 | D:1      | Reached XP level 1. HP: 14/14 MP: 5/5
     0 | D:1      | Identified the Grimoire of Evil
     0 | D:1      | Identified Nuikhus's Reference Book on Blistering Attacks
   115 | D:1      | Learned a level 1 spell: Pain
   285 | D:1      | Reached XP level 2. HP: 15/20 MP: 7/7
   585 | D:2      | Learned a level 2 spell: Throw Flame
   993 | D:2      | Found a shadowy altar of Dithmenos.
  1020 | D:2      | Slain by a hobgoblin

Vault maps used:
D:1:      evilmike_arrival_crescent
D:2:      lemuel_crystal_altar, minmay_distorted

Action                   || total
-------------------------++-------
Melee: Dagger            ||    40
Throw: Stone             ||     7
 Cast: Pain              ||     9
       Throw Flame       ||     5
  Use: Scroll            ||     4
       Potion            ||     5
